 Dungeon Crawl Stone Soup version 0.28.0-45-g0d030f2227 (webtiles) character file.

Game seed: 17993654549032610391

296 zeratav the Insei (level 6, -2/41 HPs)
             Began as an Octopode Transmuter on Apr 13, 2022.
             Slain by an iguana (14 damage)
             ... on level 4 of the Dungeon.
             The game lasted 00:04:30 (3362 turns).

zeratav the Insei (Octopode Transmuter)             Turns: 3362, Time: 00:04:30

Health: -2/41      AC:  2    Str:  9    XL:     6   Next: 34%
Magic:  13/18      EV: 21    Int: 15    God:
Gold:   67         SH:  0    Dex: 20    Spells: 5/9 levels left

rFire   . . .      SeeInvis .     - Unarmed
rCold   . . .      Faith    .   (shield currently unavailable)
rNeg    . . .      Spirit   .   (helmet currently unavailable)
rPois   x          Reflect  .   (no amulet)
rElec   .          Harm     .   f - ring of magical power
rCorr   .          Rampage  .   (no ring)
Will    .....                   (no ring)
Stlth   +++.......              (no ring)
HPRegen 0.13/turn               (no ring)
MPRegen 0.16/turn               (no ring)
                                (no ring)
                                (no ring)

@: spider-form (expiring), very slightly contaminated
A: venomous fangs, almost no armour, (amphibious), 8 rings, tiny, (camouflage
1), (gelatinous body 1), (nimble swimmer 1), (tentacles)
a: End Transformation


You were on level 4 of the Dungeon.
You were a venomous arachnid creature.
You visited 1 branch of the dungeon, and saw 4 of its levels.

You collected 67 gold pieces.


Innate Abilities, Weirdness & Mutations

You are a venomous arachnid creature.
You have poisonous fangs.
You are tiny and dextrous.
Your spellcasting is less reliable in this form.
Your armour is entirely melded.
You are incapable of wielding weapons or throwing items.
You cannot wear most types of armour.
((You are amphibious.))
You can wear up to eight rings at the same time.
((Your skin changes colour to match your surroundings (Stealth+).))
((Your rubbery body absorbs attacks. (AC +1, EV +1)))
((You are camouflaged when in or above water. (Stealth+)))
((You have tentacles for arms and can constrict up to eight enemies at once.))


   Skills:
 + Level 2.7 Fighting
 + Level 3.3 Dodging
 + Level 3.5 Stealth
 * Level 4.9 Unarmed Combat
 - Level 2.0 Spellcasting
 - Level 2.0 Transmutations


You had 5 spell levels left.
You knew the following spells:

 Your Spells              Type           Power      Damage    Failure   Level
a - Beastly Appendage     Tmut           14%        N/A       24%         1
b - Spider Form           Tmut/Pois      4%         N/A       63%         3

Your spell library contained the following spells:

 Spells                   Type           Power      Damage    Failure   Level
 Wereblood                Tmut           7%         N/A       32%         2
 Corpse Rot               Necr/Air       2%         N/A       54%         2
 Poisonous Vapours        Pois/Air       2%         N/A       54%         2
 Ignite Poison            Fire/Tmut/Pois 3%         N/A       67%         3
 Mephitic Cloud           Conj/Pois/Air  1%         N/A       75%         3
 Ice Form                 Ice/Tmut       4%         N/A       93%         4
 Freezing Cloud           Conj/Ice/Air   0%         6-21      100%        5

Inventory:

Hand Weapons
 c - a +0 short sword of electrocution (melded) {short}
   (You took it off a kobold on level 1 of the Dungeon)
Jewellery
 f - a ring of magical power (left front leg)
   (You found it on level 2 of the Dungeon)
Scrolls
 b - 6 scrolls of identify {unknown}
 e - a scroll of enchant armour {unknown}
 g - a scroll of fear {unknown}
Potions
 a - 4 potions of heal wounds {unknown}
 d - a potion of mutation {unknown}

Dungeon Overview and Level Annotations

Branches:
Dungeon (4/15)
 Temple: D:4-7

Altars:

..######..........####.#####
...........................†
..####.#.#############.#####
#.#....### #.# #
#.#.#....########.# #
#.###....##.......# # #.
#....##.......### #.
#....##.........### #.
#.s..#####......... #hlh.#
#......### ##.### #......###
... #.....†... #.#
####.##... ... #.##... #..
#.##... #.. #. #### #.


You could see an iguana (extremely poisoned) and 2 hounds.


Message History

You take 4 damage, and now have 22/41 hp.
You hit the ufetubus.
Lightning courses through the ufetubus!!
You kill the ufetubus!
HP[+1]
A scorpion comes into view.
HP[+1]
Casting: Spider Form (quite dangerous; 41% risk of failure)
Confirm with . or Enter, or press ? or * to list all spells.
The spell is quite dangerous to miscast (41% risk of failure)!
Continue anyway?
You turn into a venomous arachnid creature.
Your +0 short sword of electrocution {short} melds into your body.
Your +0 short sword of electrocution {short} stops crackling.
Your transformation is almost over.
MP[-3]
You lost 3 mp, and now have 15/18 mp.
The scorpion barely misses you.
You barely miss the scorpion. The scorpion completely misses you.
You hit the scorpion but do no damage.
The scorpion is poisoned.
The scorpion misses you.
You hit the scorpion but do no damage.
The scorpion looks as sick as possible!
The scorpion barely misses you.
You hit the scorpion.
The scorpion looks as sick as possible!
You kill the scorpion!
HP[+1] MP[+1]
You see here a scorpion corpse.
Your transformation has ended.
Your +0 short sword of electrocution {short} unmelds from your body.
You hear the crackle of electricity.
MP[+1] HP[+1]
You hear the slow rusting of a drain nearby.
A worm comes into view.
MP[+1]
Your mp is fully restored (18).
You barely miss the worm. You grab the worm. You constrict the worm.
HP[+1]
You hit the worm. You constrict the worm. The worm bites you!
* * * LOW HITPOINT WARNING * * *
HP[-11]
You take 11 damage, and now have 16/41 hp.
MASSIVE DAMAGE!! (PAUSE)
You hit the worm. You constrict the worm. The worm bites you.
* * * LOW HITPOINT WARNING * * *
HP[-2]
You take 2 damage, and now have 14/41 hp.
You hit the worm. You tentacle-slap the worm. You constrict the worm.
You kill the worm!
You see here a worm corpse.
You see here a +0 chain mail.
HP[+1]
Found a stone staircase leading down.
HP[+1] HP[+1] HP[+1]
You hear the rusting of a distant drain.
HP[+2]
You regained 2 hp, and now have 20/41 hp.
HP[+1] HP[+1]
You now have 67 gold pieces (gained 14).
HP[+1] HP[+1] HP[+1]
g - a scroll labelled FADICW ASHYSU HP[+1]
You hear the rusting of a drain nearby.
An iguana comes into view.
Casting: Spider Form (quite dangerous; 41% risk of failure)
Confirm with . or Enter, or press ? or * to list all spells.
The spell is quite dangerous to miscast (41% risk of failure)!
Continue anyway?
You miscast Spider Form.
You are very lightly contaminated with residual magic.
You feel a strange surge of energy.
MP[-3]
You lost 3 mp, and now have 15/18 mp.
Casting: Spider Form (quite dangerous; 41% risk of failure)
Confirm with . or Enter, or press ? or * to list all spells.
The spell is quite dangerous to miscast (41% risk of failure)!
Continue anyway?
You turn into a venomous arachnid creature.
Your +0 short sword of electrocution {short} melds into your body.
Your +0 short sword of electrocution {short} stops crackling.
MP[-3]
You lost 3 mp, and now have 12/18 mp. 2 hounds come into view.
The hound barks!
The iguana hisses angrily.
HP[+1]
You bite the iguana!
The iguana is poisoned.
The iguana bites you.
HP[-5] MP[+1]
You take 5 damage, and now have 22/41 hp.
You hit the iguana but do no damage.
The iguana looks as sick as possible!
Your transformation is almost over.
The hound completely misses you. The iguana bites you!
* * * LOW HITPOINT WARNING * * *
HP[-7]
You take 7 damage, and now have 15/41 hp.
You barely miss the iguana. The hound bites you.
* * * LOW HITPOINT WARNING * * *
The hound misses you. The iguana bites you!
You die...

Skill      XL: |  1  2  3  4  5 |
---------------+----------------+-----
Stealth        | 1 2 3 |  3.5
Unarmed Combat | 4 |  4.9
Fighting       | 2 |  2.7
Dodging        | 3 |  3.3
Spellcasting   | |  2.0
Transmutations | |  2.0

Action                   |  1- 3 |  4- 6 || total
-------------------------+-------+-------++-------
Melee: Unarmed           |    30 |    28 ||    58
       Constrict         |    21 |    10 ||    31
       Kick              |    14 |     7 ||    21
       Tentacles         |     9 |     4 ||    13
       Short sword       |    35 |    42 ||    77
       Punch             |     1 |     2 ||     3
 Cast: Beastly Appendage |    16 |    11 ||    27
       Spider Form       |       |     5 ||     5
 Stab: Sleeping          |     4 |     5 ||     9
       Distracted        |     1 |       ||     1
Armor: Skin              |     3 |     2 ||     5
Dodge: Dodged            |    23 |    46 ||    69

Levels and vault maps discovered:
D:1:      wander_arrival_chamber, layout_basic, minmay_misc_feat_diagonals
D:2:      layout_rooms, uniq_terence, uniq_robin
D:3:      layout_rooms
D:4:      layout_basic, mainiacjoe_overflow_tiny_flanked, gup_sewer_entry_bowl,
          uniq_duvessa

Notes
Turn   | Place    | Note
-------+----------+-------------------------------------------
     0 | D:1      | zeratav the Octopode Transmuter began the quest for the
                  | Orb.
     0 | D:1      | Reached XP level 1. HP: 13/13 MP: 3/3
     0 | D:1      | magus.rc [v1.9.6]
    93 | D:1      | Reached XP level 2. HP: 9/18 MP: 3/5
   308 | D:1      | Reached skill level 1 in Stealth
   426 | D:1      | You add the spells Ignite Poison, Mephitic Cloud and
                  | Freezing Cloud to your library.
  1056 | D:2      | Reached XP level 3. HP: 19/23 MP: 4/6
  1058 | D:2      | HP: 2/23 [worm (10)]
  1407 | D:2      | Noticed Robin
  1423 | D:2      | Killed Robin
  1455 | D:2      | HP: 5/24 [goblin/+0 club[Robin] (4)]
  1707 | D:2      | Reached XP level 4. HP: 27/29 MP: 5/7
  1754 | D:2      | Noticed Terence
  1759 | D:2      | Learned a level 3 spell: Spider Form
  1769 | D:2      | Killed Terence
  1770 | D:2      | Reached skill level 2 in Stealth
  1770 | D:2      | Reached skill level 4 in Unarmed Combat
  2086 | D:2      | You pick up a book of Vapours and begin reading...
  2086 | D:2      | You add the spells Poisonous Vapours and Corpse Rot to your
                  | library.
  2483 | D:3      | Reached skill level 2 in Fighting
  2629 | D:3      | Reached XP level 5. HP: 25/34 MP: 8/8
  2739 | D:3      | Reached skill level 3 in Dodging
  3150 | D:4      | Noticed a phantom
  3164 | D:4      | Killed a phantom
  3165 | D:4      | Reached skill level 3 in Stealth
  3165 | D:4      | Reached XP level 6. HP: 18/41 MP: 9/9
  3362 | D:4      | Slain by an iguana

Vanquished Creatures
  A phantom (D:4)
  A scorpion (D:4)
  An orc priest (D:3)
  Terence (D:2)
  Robin (D:2)
  An adder (D:3)
  An ufetubus (D:4)
  5 worms
  5 orcs (D:3)
  10 ball pythons
  3 bats
  An endoplasm (D:1)
  3 giant cockroaches
  11 goblins
  5 hobgoblins
  4 jackals (D:1)
  3 kobolds
  4 quokkas
  A frilled lizard (D:1)
  A rat (D:1)
63 creatures vanquished.

Table legend:
 A = Non-vault XP
 B = Vault XP
 C = Vault XP percentage of total XP
 D = Non-vault monster count
 E = Vault monster count
 F = Vault count percentage of total count
                 A         B        C        D         E       F
            +---------+---------+-------+---------+---------+-------
      Total |     351 |      72 |  17.0 |      50 |      13 |  20.6
            +---------+---------+-------+---------+---------+-------
        D:1 |      33 |       0 |   0.0 |      18 |       0 |   0.0
        D:2 |      18 |      72 |  80.0 |       7 |      13 |  65.0
        D:3 |      99 |       0 |   0.0 |      20 |       0 |   0.0
        D:4 |     201 |       0 |   0.0 |       5 |       0 |   0.0
            +---------+---------+-------+---------+---------+-------

Illustrated notes

Table legend:
 A = Kills in this place as a percentage of kills in entire the game.
 B = Kills by you in this place as a percentage of kills by you in the entire game.
 C = Kills by friends in this place as a percentage of kills by friends in the entire game.
 D = Other kills in this place as a percentage of other kills in the entire game.
 E = Experience gained in this place as a percentage of experience gained in the entire game.
 F = Experience gained in this place divided by the number of levels of this place that you have seen.
                   A       B       C       D       E      F
               +-------+-------+-------+-------+-------+----------------------
         Total | 100.0 | 100.0 |   N/A |   N/A | 100.0 | 105.8
       Dungeon | 100.0 | 100.0 |   N/A |   N/A | 100.0 | 105.8
               +-------+-------+-------+-------+-------+----------------------

Table legend: (Time is in decaauts)
 A = Elapsed time spent in this place.
 B = Non-inter-level travel time spent in this place.
 C = Inter-level travel time spent in this place.
 D = Time resting spent in this place.
 E = Time spent auto-exploring this place.
 F = Levels seen in this place.
 G = Mean time per level.
                   A        B        C        D        E       F      G
               +--------+--------+--------+--------+--------+-----+--------+
         Total |   3363 |   3230 |    133 |    527 |   2205 |   4 |  840.8 |
       Dungeon |   3363 |   3230 |    133 |    527 |   2205 |   4 |  840.8 |
               +--------+--------+--------+--------+--------+-----+--------+

Top non-repeatable levels by time:
     D:2: 1329 daAuts
     D:1: 1035 daAuts
     D:3: 736 daAuts
     D:4: 261 daAuts
